PHILADELPHIA Flyers vs CAROLINA Hurricanes

Created - 5 avril 2024 at 17:07

Goals
1 2 3 T
PHILADELPHIA Flyers 2 1 0 3
CAROLINA Hurricanes 2 0 2 4
Shots
1 2 3 T
PHILADELPHIA Flyers 9 7 16 32
CAROLINA Hurricanes 7 13 5 25

1st period

1. PHILADELPHIA Flyers , Filip Chytil 17 (Shea Weber 28, Alexander Edler 26) at 12:46 (PP)
2. CAROLINA Hurricanes , Mika Zibanejad 35 (Elias Pettersson 39) at 13:59
3. CAROLINA Hurricanes , Elias Pettersson 29 (Mika Zibanejad 48) at 15:51
4. PHILADELPHIA Flyers , Jonathan Drouin 8 (Mike Hoffman 21, Sam Gagner 19) at 17:54

Penalties :
Mika Zibanejad (CAR) for Tripping (Minor) at 2:05, Noah Juulsen (PHI) for High sticking (Minor) at 4:30, Brenden Dillon (PHI) for Cross-checking (Minor) at 10:05, Lars Eller (CAR) for Goalie Interference (Minor) at 12:29, Niko Mikkola (CAR) for Roughing (Minor) at 18:11

2nd period

5. PHILADELPHIA Flyers , Chris Tierney 4 (Joel Edmundson 25) at 14:35

Penalties :
Sean Couturier (PHI) for Delaying the game (Minor) at 5:42

3rd period

6. CAROLINA Hurricanes , Nazem Kadri 13 (William Nylander 29, Kris Letang 25) at 4:30
7. CAROLINA Hurricanes , Derek Ryan 6 (Blake Lizotte 10, Brandon Montour 21) at 17:45

Penalties :
Travis Konecny (CAR) for Holding (Minor) at 8:51, Brady Tkachuk (CAR) for Interference (Minor) at 9:04, Kris Letang (CAR) for Tripping (Minor) at 11:58, Brandon Montour (CAR) for Hooking (Minor) at 15:16

Goalie Stats

Anton Forsberg (PHI), 21 saves from 25 shots - (0,840), L, 31-29-8, 60:00 minutes
Alexandar Georgiev (CAR), 29 saves from 32 shots - (0,906), W, 40-25-5, 60:00 minutes

Players Stats for PHILADELPHIA Flyers

Player Name              G  A  P  +/- PIM S  H  SB GA TA FO     MP     PP MP  PK MP  
------------------------------------------------------------------------------------
Alexander Edler          0  1  1  -1  0   2  3  0  0  0  0/0    20:46   5:26   0:00 
Brenden Dillon           0  0  0  -2  2   2  2  2  0  0  0/0    23:12   4:50   2:07 
Chris Tierney            1  0  1   0  0   1  1  0  0  0  4/5     6:15   0:00   0:00 
Claude Giroux            0  0  0  -2  0   6  1  0  0  0  1/3    25:24   5:51   3:09 
Filip Chytil             1  0  1  -1  0   4  3  0  0  0  3/8    18:16   5:51   0:00 
Jakub Voracek            0  0  0   0  0   0  0  0  0  0  0/0     6:15   0:00   0:00 
Joel Edmundson           0  1  1   1  0   0  2  0  0  0  0/0    14:58   0:09   2:47 
Jonathan Drouin          1  0  1   1  0   1  0  0  0  0  5/8     9:50   0:00   1:16 
Josh Leivo               0  0  0   0  0   0  1  0  0  0  0/0     6:54   0:00   0:39 
Justin Schultz           0  0  0  -1  0   1  0  2  0  0  0/0    20:47   4:50   2:08 
Leon Draisaitl           0  0  0  -2  0   6  1  0  0  0  4/5    25:24   5:51   3:09 
Mike Hoffman             0  1  1   1  0   4  0  0  0  0  3/4    13:08   4:34   0:00 
Noah Juulsen             0  0  0   1  2   0  0  0  0  0  0/0    14:14   0:00   2:13 
Sam Gagner               0  1  1   1  0   1  0  0  0  0  0/1     8:43   0:09   0:00 
Sean Couturier           0  0  0  -1  2   0  1  1  0  0  11/19  18:21   4:25   1:32 
Sean Monahan             0  0  0  -1  0   0  0  0  0  0  0/0    12:25   0:00   0:00 
Shea Weber               0  1  1  -2  0   3  0  3  0  0  0/0    26:01   5:35   2:39 
Trevor Zegras            0  0  0  -2  0   1  3  0  0  0  14/26  23:07   4:34   2:09 

Players Stats for CAROLINA Hurricanes

Player Name              G  A  P  +/- PIM S  H  SB GA TA FO     MP     PP MP  PK MP  
------------------------------------------------------------------------------------
Adam Fox                 0  0  0   1  0   1  0  2  0  0  0/0    25:37   3:11   5:27 
Blake Lizotte            0  1  1   1  0   2  1  0  0  0  2/5     6:09   0:00   0:00 
Brady Tkachuk            0  0  0   0  2   2  2  0  0  0  0/0    21:55   3:11   6:10 
Brandon Montour          0  1  1   1  2   0  5  0  0  0  0/0    20:28   3:11   0:19 
David Perron             0  0  0  -1  0   0  3  0  0  0  0/0     9:45   0:00   0:00 
Derek Ryan               1  0  1   1  0   1  2  0  0  0  0/1     8:22   0:00   2:13 
Devon Toews              0  0  0   2  0   1  0  1  0  0  0/0    23:57   2:46   5:06 
Elias Pettersson         1  1  2   2  0   2  3  0  0  0  0/1    17:56   2:46   0:00 
Filip Forsberg           0  0  0  -1  0   2  0  0  0  0  0/0    10:06   0:00   0:21 
Kris Letang              0  1  1   2  2   0  3  1  0  0  0/0    23:08   2:46   4:18 
Lars Eller               0  0  0  -1  2   0  0  0  0  0  7/13   13:02   0:00   3:18 
Mika Zibanejad           1  1  2   2  2   5  2  1  0  0  14/32  23:03   2:46   5:08 
Nazem Kadri              1  0  1   0  0   4  1  0  0  0  9/22   17:38   3:11   1:53 
Niko Mikkola             0  0  0  -1  2   0  1  1  0  0  0/0    10:33   0:00   0:00 
Noah Cates               0  0  0   1  0   1  0  0  0  0  1/1     6:09   0:00   0:00 
Rasmus Ristolainen       0  0  0  -1  0   1  1  2  0  0  0/0    16:14   0:00   5:40 
Travis Konecny           0  0  0   2  2   0  1  0  0  0  0/2    18:20   3:11   0:00 
William Nylander         0  1  1   0  0   3  0  0  0  0  1/2    15:20   2:46   0:00 

3 Stars

1 - Elias Pettersson (CAR)
2 - Mika Zibanejad (CAR)
3 - Derek Ryan (CAR)

Power Play

PHILADELPHIA Flyers - 1 on 7 Attempt(s) - 14,29%
CAROLINA Hurricanes - 0 on 3 Attempt(s) - 0,00%

Penalty Kill

PHILADELPHIA Flyers - 3 on 3 Attempt(s) - 100,00% - Score 0 goal in Penalty Kill
CAROLINA Hurricanes - 6 on 7 Attempt(s) - 85,71% - Score 0 goal in Penalty Kill

Team Stat

PHILADELPHIA Flyers - Hits : 18 - Faceoff Wins : 45 - Blocked Shots : 8 - Penalty Minutes : 6
CAROLINA Hurricanes - Hits : 25 - Faceoff Wins : 34 - Blocked Shots : 8 - Penalty Minutes : 14

Official

Referees : Carter Sandlak and Tom Chmielewski
Linesman : Brad Kovachik and Caleb Apperson

Game Notes

No Game Note

Finance

Level 1 -- Attendance: 5169 (86,15%) -- Ticket Income $516,900
Level 2 -- Attendance: 3724 (74,48%) -- Ticket Income $223,440
Level 3 -- Attendance: 1917 (95,85%) -- Ticket Income $67,095
Level 4 -- Attendance: 3897 (97,43%) -- Ticket Income $77,940
Luxury Box -- Attendance: 799 (79,90%) -- Ticket Income $159,800
Game was played at the PNC Arena.
Total Attendance: 15506 (86,14%)
Total Ticket Income: $1,045,175
Other Income: $261,294
Total Income: $1,306,469

PHILADELPHIA Flyers

5 vs 5 Forward 
   Center                   Left Wing                Right Wing               Time % Phy DF OF 
 1 Trevor Zegras            Leon Draisaitl           Claude Giroux            50     1   2  2  
 2 Sean Couturier           Filip Chytil             Sean Monahan             25     1   2  2  
 3 Jonathan Drouin          Mike Hoffman             Sam Gagner               15     1   2  2  
 4 Chris Tierney            Jakub Voracek            Josh Leivo               10     1   2  2  

5 vs 5 Defense 
   Defense                  Defense                                           Time % Phy DF OF 
 1 Brenden Dillon           Shea Weber                                        40     1   2  2  
 2 Alexander Edler          Justin Schultz                                    30     1   2  2  
 3 Joel Edmundson           Noah Juulsen                                      20     1   2  2  
 4 Alexander Edler          Shea Weber                                        10     1   2  2  

PowerPlay Forward 
   Center                   Left Wing                Right Wing               Time % Phy DF OF 
 1 Filip Chytil             Leon Draisaitl           Claude Giroux            60     1   2  2  
 2 Trevor Zegras            Mike Hoffman             Sean Couturier           40     1   2  2  

PowerPlay Defense
   Defense                  Defense                                           Time % Phy DF OF 
 1 Alexander Edler          Shea Weber                                        60     1   2  2  
 2 Brenden Dillon           Justin Schultz                                    40     1   2  2  

Penalty Kill 4 Players Forward 
   Center                   Wing                     Time % Phy DF OF 
 1 Leon Draisaitl           Claude Giroux            60     1   2  2  
 2 Sean Couturier           Trevor Zegras            40     1   2  2  

Penalty Kill 4 Players Defense
   Defense                  Defense                  Time % Phy DF OF 
 1 Noah Juulsen             Brenden Dillon           60     1   2  2  
 2 Shea Weber               Joel Edmundson           40     1   2  2  

Penalty Kill - 3 Players Forward 
   Forward                                           Time % Phy DF OF 
 1 Leon Draisaitl                                    60     1   2  2  
 2 Claude Giroux                                     40     1   2  2  

Penalty Kill - 3 Players Defense
   Defense                  Defense                  Time % Phy DF OF 
 1 Shea Weber               Brenden Dillon           60     1   2  2  
 2 Justin Schultz           Joel Edmundson           40     1   2  2  

4 vs 4 Forward 
   Center                   Wing                     Time % Phy DF OF 
 1 Leon Draisaitl           Claude Giroux            60     1   2  2  
 2 Sean Monahan             Trevor Zegras            40     1   2  2  

4 vs 4 Defense
   Defense                  Defense                  Time % Phy DF OF 
 1 Justin Schultz           Brenden Dillon           60     1   2  2  
 2 Shea Weber               Joel Edmundson           40     1   2  2  

Last Minutes Offensive
   Center                   Left Wing                Right Wing               Defense                  Defense                  
   Claude Giroux            Leon Draisaitl           Trevor Zegras            Shea Weber               Brenden Dillon           

Last Minutes Defensive
   Center                   Left Wing                Right Wing               Defense                  Defense                  
   Sean Monahan             Jonathan Drouin          Claude Giroux            Alexander Edler          Justin Schultz           

Goaltenders
Starting : Anton Forsberg           
Backup : Yaroslav Askarov         

Extra Forwards
Normal : Sam Gagner, Claude Giroux, Jonathan Drouin - PP : Sam Gagner, Claude Giroux - PK : Jonathan Drouin
Extra Defensemen
Normal : Justin Schultz, Alexander Edler, Shea Weber - PP : Alexander Edler - PK : Shea Weber, Noah Juulsen
Penalty Shots
Leon Draisaitl, Claude Giroux, Jonathan Drouin, Trevor Zegras, Mike Hoffman

Scratches
None

CAROLINA Hurricanes

5 vs 5 Forward 
   Center                   Left Wing                Right Wing               Time % Phy DF OF 
 1 Mika Zibanejad           Elias Pettersson         Travis Konecny           40     1   2  2  
 2 Nazem Kadri              Brady Tkachuk            William Nylander         30     1   2  2  
 3 Lars Eller               Filip Forsberg           David Perron             20     1   2  2  
 4 Blake Lizotte            Noah Cates               Derek Ryan               10     1   2  2  

5 vs 5 Defense 
   Defense                  Defense                                           Time % Phy DF OF 
 1 Adam Fox                 Brandon Montour                                   45     1   2  2  
 2 Kris Letang              Devon Toews                                       35     1   2  2  
 3 Rasmus Ristolainen       Niko Mikkola                                      20     1   2  2  
 4 Adam Fox                 Brandon Montour                                   0      1   2  2  

PowerPlay Forward 
   Center                   Left Wing                Right Wing               Time % Phy DF OF 
 1 Mika Zibanejad           Elias Pettersson         William Nylander         80     1   2  2  
 2 Nazem Kadri              Brady Tkachuk            Travis Konecny           20     1   2  2  

PowerPlay Defense
   Defense                  Defense                                           Time % Phy DF OF 
 1 Adam Fox                 Brandon Montour                                   60     1   2  2  
 2 Kris Letang              Devon Toews                                       40     1   2  2  

Penalty Kill 4 Players Forward 
   Center                   Wing                     Time % Phy DF OF 
 1 Mika Zibanejad           Brady Tkachuk            60     1   2  2  
 2 Lars Eller               Derek Ryan               40     1   2  2  

Penalty Kill 4 Players Defense
   Defense                  Defense                  Time % Phy DF OF 
 1 Adam Fox                 Devon Toews              60     1   2  2  
 2 Kris Letang              Rasmus Ristolainen       40     1   2  2  

Penalty Kill - 3 Players Forward 
   Forward                                           Time % Phy DF OF 
 1 Lars Eller                                        60     1   2  2  
 2 Mika Zibanejad                                    40     1   2  2  

Penalty Kill - 3 Players Defense
   Defense                  Defense                  Time % Phy DF OF 
 1 Adam Fox                 Devon Toews              60     1   2  2  
 2 Kris Letang              Rasmus Ristolainen       40     1   2  2  

4 vs 4 Forward 
   Center                   Wing                     Time % Phy DF OF 
 1 Mika Zibanejad           William Nylander         60     1   2  2  
 2 Elias Pettersson         Filip Forsberg           40     1   2  2  

4 vs 4 Defense
   Defense                  Defense                  Time % Phy DF OF 
 1 Adam Fox                 Brandon Montour          60     1   2  2  
 2 Kris Letang              Devon Toews              40     1   2  2  

Last Minutes Offensive
   Center                   Left Wing                Right Wing               Defense                  Defense                  
   Mika Zibanejad           Brady Tkachuk            William Nylander         Adam Fox                 Brandon Montour          

Last Minutes Defensive
   Center                   Left Wing                Right Wing               Defense                  Defense                  
   Mika Zibanejad           Brady Tkachuk            William Nylander         Adam Fox                 Brandon Montour          

Goaltenders
Starting : Alexandar Georgiev       
Backup : Alex Lyon                

Extra Forwards
Normal : Nazem Kadri, David Perron, Travis Konecny - PP : Nazem Kadri, David Perron - PK : Nazem Kadri
Extra Defensemen
Normal : Devon Toews, Rasmus Ristolainen, Niko Mikkola - PP : Devon Toews - PK : Devon Toews, Rasmus Ristolainen
Penalty Shots
Mika Zibanejad, Elias Pettersson, William Nylander, Brady Tkachuk, Nazem Kadri

Scratches
Ryan Reaves (Healthy)

% Time on Ice - PHILADELPHIA Flyers

Lines # - Real PCT - Wanted PCT - Time Play
Normal Forward
1 - 37% - 50% - 15:55
2 - 29% - 25% - 12:25
3 - 20% - 15% - 8:34
4 - 14% - 10% - 6:15
Normal Defense
1 - 38% - 40% - 16:16
2 - 31% - 30% - 13:20
3 - 28% - 20% - 12:02
4 - 4% - 10% - 1:31
PP Forward
1 - 56% - 60% - 5:51
2 - 44% - 40% - 4:34
PP Defense
1 - 54% - 60% - 5:35
2 - 46% - 40% - 4:50
PK Forward
1 - 64% - 60% - 3:48
2 - 36% - 40% - 2:09
PK Defense
1 - 66% - 60% - 3:54
2 - 34% - 40% - 2:03
PK3 Forward
1 - 0% - 60%
2 - 0% - 40%
PK3 Defense
1 - 0% - 60%
2 - 0% - 40%
44 Forward
1 - 0% - 60%
2 - 0% - 40%
44 Defense
1 - 0% - 60%
2 - 0% - 40%
Last Minute Offensive  - 0:29
Last Minute Defensive  - 0:00
Total
Forward - 60:00
Defense - 60:00

% Time on Ice - CAROLINA Hurricanes

Lines # - Real PCT - Wanted PCT - Time Play
Normal Forward
1 - 35% - 40% - 15:10
2 - 28% - 30% - 11:48
3 - 23% - 20% - 9:45
4 - 14% - 10% - 6:09
Normal Defense
1 - 38% - 45% - 16:13
2 - 38% - 35% - 16:05
3 - 25% - 20% - 10:34
4 - 0% - 0% - 0:00
PP Forward
1 - 46% - 80% - 2:46
2 - 54% - 20% - 3:11
PP Defense
1 - 54% - 60% - 3:11
2 - 46% - 40% - 2:46
PK Forward
1 - 74% - 60% - 6:26
2 - 26% - 40% - 2:13
PK Defense
1 - 44% - 60% - 3:49
2 - 56% - 40% - 4:50
PK3 Forward
1 - 81% - 60% - 1:26
2 - 19% - 40% - 0:20
PK3 Defense
1 - 50% - 60% - 0:53
2 - 50% - 40% - 0:53
44 Forward
1 - 0% - 60%
2 - 0% - 40%
44 Defense
1 - 0% - 60%
2 - 0% - 40%
Last Minute Offensive  - 0:00
Last Minute Defensive  - 0:46
Total
Forward - 60:00
Defense - 60:00

Play-by-Play

1st period


0:01 of 1st period - Mika Zibanejad wins face-off versus Trevor Zegras in neutral zone.
0:24 of 1st period - Icing by Shea Weber.
0:25 of 1st period - Claude Giroux wins face-off versus Nazem Kadri in PHILADELPHIA Flyers zone.
1:34 of 1st period - Lars Eller is hit by Alexander Edler.
2:05 of 1st period - Minor Penalty to Mika Zibanejad for Tripping.
2:06 of 1st period - Nazem Kadri wins face-off versus Trevor Zegras in CAROLINA Hurricanes zone.
2:14 of 1st period - Off-side.
2:15 of 1st period - Nazem Kadri wins face-off versus Filip Chytil in neutral zone.
2:43 of 1st period - Shot by Leon Draisaitl.
2:43 of 1st period - Stopped by Alexandar Georgiev without a rebound.
2:44 of 1st period - Lars Eller wins face-off versus Trevor Zegras in CAROLINA Hurricanes zone.
2:44 of 1st period - Lars Eller is hit by Trevor Zegras.
3:10 of 1st period - Shot by Mike Hoffman.
3:10 of 1st period - Stopped by Alexandar Georgiev without a rebound.
3:11 of 1st period - Nazem Kadri wins face-off versus Filip Chytil in CAROLINA Hurricanes zone.
3:32 of 1st period - Shot by Claude Giroux.
3:32 of 1st period - Stopped by Alexandar Georgiev without a rebound.
3:33 of 1st period - Sean Couturier wins face-off versus Lars Eller in CAROLINA Hurricanes zone.
3:47 of 1st period - Shot by Alexander Edler.
3:47 of 1st period - Stopped by Alexandar Georgiev without a rebound.
3:48 of 1st period - Nazem Kadri wins face-off versus Claude Giroux in CAROLINA Hurricanes zone.
3:57 of 1st period - Shot by Alexander Edler.
3:57 of 1st period - Shot Blocked by Adam Fox.
3:59 of 1st period - Shot by Shea Weber.
3:59 of 1st period - Stopped by Alexandar Georgiev without a rebound.
4:00 of 1st period - Trevor Zegras wins face-off versus Nazem Kadri in CAROLINA Hurricanes zone.
4:25 of 1st period - Shot by Elias Pettersson.
4:25 of 1st period - Shot Misses the Net.
4:30 of 1st period - Minor Penalty to Noah Juulsen for High sticking.
4:31 of 1st period - Leon Draisaitl wins face-off versus Mika Zibanejad in PHILADELPHIA Flyers zone.
5:32 of 1st period - Icing by Brady Tkachuk.
5:33 of 1st period - Sean Couturier wins face-off versus Nazem Kadri in CAROLINA Hurricanes zone.
6:44 of 1st period - Icing by Noah Juulsen.
6:45 of 1st period - Lars Eller wins face-off versus Chris Tierney in PHILADELPHIA Flyers zone.
7:46 of 1st period - Shot by Blake Lizotte.
7:46 of 1st period - Stopped by Anton Forsberg without a rebound.
7:47 of 1st period - Mika Zibanejad wins face-off versus Trevor Zegras in PHILADELPHIA Flyers zone.
8:10 of 1st period - Shot by Brandon Montour.
8:10 of 1st period - Shot Misses the Net.
8:14 of 1st period - Shot by Elias Pettersson.
8:14 of 1st period - Shot Misses the Net.
8:16 of 1st period - Shot by Elias Pettersson.
8:16 of 1st period - Shot Misses the Net.
8:20 of 1st period - Shot by Mika Zibanejad.
8:20 of 1st period - Shot Blocked by Shea Weber.
8:22 of 1st period - Shot by Adam Fox.
8:22 of 1st period - Stopped by Anton Forsberg without a rebound.
8:23 of 1st period - Sean Couturier wins face-off versus Nazem Kadri in PHILADELPHIA Flyers zone.
8:23 of 1st period - Filip Chytil is hit by Brady Tkachuk and loses puck.
8:32 of 1st period - Shot by Sean Couturier.
8:32 of 1st period - Shot Misses the Net.
8:34 of 1st period - Shot by Alexander Edler.
8:34 of 1st period - Shot Misses the Net.
8:48 of 1st period - William Nylander is hit by Filip Chytil and loses puck.
9:08 of 1st period - Alexander Edler is hit by Kris Letang and loses puck.
10:03 of 1st period - Shot by Elias Pettersson.
10:03 of 1st period - Shot Blocked by Shea Weber.
10:05 of 1st period - Shot by Mika Zibanejad.
10:05 of 1st period - Stopped by Anton Forsberg without a rebound.
10:05 of 1st period - Minor Penalty to Brenden Dillon for Cross-checking.
10:06 of 1st period - Leon Draisaitl wins face-off versus Mika Zibanejad in PHILADELPHIA Flyers zone.
11:37 of 1st period - Icing by Nazem Kadri.
11:38 of 1st period - Nazem Kadri wins face-off versus Sean Couturier in CAROLINA Hurricanes zone.
12:23 of 1st period - Shea Weber is hit by David Perron and loses puck.
12:29 of 1st period - Minor Penalty to Lars Eller for Goalie Interference.
12:30 of 1st period - Filip Chytil wins face-off versus Mika Zibanejad in CAROLINA Hurricanes zone.
12:40 of 1st period - Shot by Leon Draisaitl.
12:40 of 1st period - Shot Blocked by Kris Letang.
12:42 of 1st period - Shot by Alexander Edler.
12:42 of 1st period - Shot Misses the Net.
12:44 of 1st period - Shot by Shea Weber.
12:44 of 1st period - Shot Misses the Net.
12:46 of 1st period - Shot by Filip Chytil.
12:46 of 1st period - Goal by Filip Chytil - PHILADELPHIA Flyers : 1 - CAROLINA Hurricanes : 0.
12:47 of 1st period - Chris Tierney wins face-off versus Blake Lizotte in neutral zone.
12:47 of 1st period - Chris Tierney is hit by Blake Lizotte.
12:50 of 1st period - Josh Leivo is hit by Brandon Montour and loses puck.
12:54 of 1st period - Icing by Adam Fox.
12:55 of 1st period - Trevor Zegras wins face-off versus Blake Lizotte in CAROLINA Hurricanes zone.
13:59 of 1st period - Shot by Mika Zibanejad.
13:59 of 1st period - Goal by Mika Zibanejad - PHILADELPHIA Flyers : 1 - CAROLINA Hurricanes : 1.
14:00 of 1st period - Nazem Kadri wins face-off versus Jonathan Drouin in neutral zone.
15:00 of 1st period - Icing by Alexander Edler.
15:01 of 1st period - Trevor Zegras wins face-off versus Mika Zibanejad in PHILADELPHIA Flyers zone.
15:25 of 1st period - Trevor Zegras is hit by Rasmus Ristolainen and loses puck.
15:28 of 1st period - Shot by Leon Draisaitl.
15:28 of 1st period - Stopped by Alexandar Georgiev without a rebound.
15:29 of 1st period - Lars Eller wins face-off versus Sean Couturier in CAROLINA Hurricanes zone.
15:29 of 1st period - Lars Eller is hit by Filip Chytil.
15:47 of 1st period - Shot by Filip Forsberg.
15:47 of 1st period - Stopped by Anton Forsberg without a rebound.
15:48 of 1st period - Mika Zibanejad wins face-off versus Trevor Zegras in PHILADELPHIA Flyers zone.
15:49 of 1st period - Shot by Elias Pettersson.
15:49 of 1st period - Deflect By Mika Zibanejad.
15:49 of 1st period - Shot Misses the Net.
15:51 of 1st period - Shot by Elias Pettersson.
15:51 of 1st period - Goal by Elias Pettersson - PHILADELPHIA Flyers : 1 - CAROLINA Hurricanes : 2.
15:52 of 1st period - Trevor Zegras wins face-off versus Mika Zibanejad in neutral zone.
16:07 of 1st period - Shot by Travis Konecny.
16:07 of 1st period - Shot Misses the Net.
16:09 of 1st period - Shot by Adam Fox.
16:09 of 1st period - Shot Blocked by Brenden Dillon.
17:15 of 1st period - William Nylander is hit by Filip Chytil and loses puck.
17:36 of 1st period - Shot by William Nylander.
17:36 of 1st period - Shot Blocked by Justin Schultz.
17:38 of 1st period - Shot by Nazem Kadri.
17:38 of 1st period - Stopped by Anton Forsberg without a rebound.
17:39 of 1st period - Mike Hoffman wins face-off versus Lars Eller in PHILADELPHIA Flyers zone.
17:54 of 1st period - Shot by Jonathan Drouin.
17:54 of 1st period - Goal by Jonathan Drouin - PHILADELPHIA Flyers : 2 - CAROLINA Hurricanes : 2.
17:55 of 1st period - Noah Cates wins face-off versus Trevor Zegras in neutral zone.
17:58 of 1st period - Shot by Derek Ryan.
17:58 of 1st period - Shot Misses the Net.
18:11 of 1st period - Minor Penalty to Niko Mikkola for Roughing.
18:12 of 1st period - Mika Zibanejad wins face-off versus Filip Chytil in CAROLINA Hurricanes zone.
18:37 of 1st period - Shot by Filip Chytil.
18:37 of 1st period - Shot Misses the Net.
18:39 of 1st period - Shot by Alexander Edler.
18:39 of 1st period - Stopped by Alexandar Georgiev without a rebound.
18:40 of 1st period - Mika Zibanejad wins face-off versus Trevor Zegras in CAROLINA Hurricanes zone.
18:40 of 1st period - Devon Toews is hit by Trevor Zegras and loses puck.
Goals for this period are 2 for PHILADELPHIA Flyers vs 2 for CAROLINA Hurricanes.
Shots for this period are 9 for PHILADELPHIA Flyers vs 7 for CAROLINA Hurricanes.

2nd period


0:01 of 2nd period - Mika Zibanejad wins face-off versus Filip Chytil in neutral zone.
0:50 of 2nd period - Shot by Mike Hoffman.
0:50 of 2nd period - Stopped by Alexandar Georgiev with a rebound.
1:26 of 2nd period - Shot by Trevor Zegras.
1:26 of 2nd period - Deflect By Leon Draisaitl.
1:26 of 2nd period - Shot Misses the Net.
1:28 of 2nd period - Shot by Leon Draisaitl.
1:28 of 2nd period - Stopped by Alexandar Georgiev without a rebound.
1:29 of 2nd period - Sean Couturier wins face-off versus Nazem Kadri in CAROLINA Hurricanes zone.
1:59 of 2nd period - Shot by William Nylander.
1:59 of 2nd period - Shot Blocked by Justin Schultz.
2:01 of 2nd period - Shot by Rasmus Ristolainen.
2:01 of 2nd period - Stopped by Anton Forsberg without a rebound.
2:02 of 2nd period - Trevor Zegras wins face-off versus Mika Zibanejad in PHILADELPHIA Flyers zone.
2:02 of 2nd period - Trevor Zegras is hit by Elias Pettersson.
2:15 of 2nd period - Trevor Zegras is hit by Brandon Montour.
2:31 of 2nd period - Shot by Leon Draisaitl.
2:31 of 2nd period - Shot Misses the Net.
2:38 of 2nd period - Icing by Mika Zibanejad.
2:39 of 2nd period - Mika Zibanejad wins face-off versus Sean Couturier in CAROLINA Hurricanes zone.
2:54 of 2nd period - Shot by Mika Zibanejad.
2:54 of 2nd period - Shot Misses the Net.
2:56 of 2nd period - Shot by Elias Pettersson.
2:56 of 2nd period - Deflect By Travis Konecny.
2:56 of 2nd period - Shot Blocked by Sean Couturier.
3:30 of 2nd period - Nazem Kadri is hit by Josh Leivo and loses puck.
3:47 of 2nd period - Shot by Josh Leivo.
3:47 of 2nd period - Deflect By Jakub Voracek.
3:47 of 2nd period - Shot Misses the Net.
3:49 of 2nd period - Shot by Jakub Voracek.
3:49 of 2nd period - Shot Misses the Net.
4:17 of 2nd period - Shot by Claude Giroux.
4:17 of 2nd period - Stopped by Alexandar Georgiev with a rebound.
4:19 of 2nd period - Shot by Shea Weber.
4:19 of 2nd period - Stopped by Alexandar Georgiev with a rebound.
4:23 of 2nd period - Shot by Claude Giroux.
4:23 of 2nd period - Stopped by Alexandar Georgiev without a rebound.
4:24 of 2nd period - Blake Lizotte wins face-off versus Jonathan Drouin in CAROLINA Hurricanes zone.
5:17 of 2nd period - Blake Lizotte is hit by Alexander Edler and loses puck.
5:30 of 2nd period - Shot by Elias Pettersson.
5:30 of 2nd period - Stopped by Anton Forsberg without a rebound.
5:31 of 2nd period - Sean Couturier wins face-off versus Mika Zibanejad in PHILADELPHIA Flyers zone.
5:42 of 2nd period - Minor Penalty to Sean Couturier for Delaying the game.
5:43 of 2nd period - William Nylander wins face-off versus Leon Draisaitl in PHILADELPHIA Flyers zone.
5:48 of 2nd period - Shot by Kris Letang.
5:48 of 2nd period - Shot Misses the Net.
5:50 of 2nd period - Shot by William Nylander.
5:50 of 2nd period - Stopped by Anton Forsberg with a rebound.
5:52 of 2nd period - Shot by Devon Toews.
5:52 of 2nd period - Stopped by Anton Forsberg without a rebound.
5:53 of 2nd period - Leon Draisaitl wins face-off versus Mika Zibanejad in PHILADELPHIA Flyers zone.
5:53 of 2nd period - Leon Draisaitl is hit by Elias Pettersson.
6:36 of 2nd period - Shot by Elias Pettersson.
6:36 of 2nd period - Shot Misses the Net.
7:45 of 2nd period - Icing by Sean Couturier.
7:46 of 2nd period - Lars Eller wins face-off versus Sean Couturier in PHILADELPHIA Flyers zone.
8:37 of 2nd period - Icing by Alexander Edler.
8:38 of 2nd period - Sean Couturier wins face-off versus Derek Ryan in PHILADELPHIA Flyers zone.
8:38 of 2nd period - Sean Couturier is hit by Derek Ryan.
11:14 of 2nd period - Shot by William Nylander.
11:14 of 2nd period - Stopped by Anton Forsberg without a rebound.
11:15 of 2nd period - Lars Eller wins face-off versus Trevor Zegras in PHILADELPHIA Flyers zone.
11:15 of 2nd period - Lars Eller is hit by Brenden Dillon.
12:23 of 2nd period - Shot by Derek Ryan.
12:23 of 2nd period - Shot Misses the Net.
12:25 of 2nd period - Shot by Rasmus Ristolainen.
12:25 of 2nd period - Shot Misses the Net.
12:27 of 2nd period - Shot by Blake Lizotte.
12:27 of 2nd period - Deflect By Noah Cates.
12:27 of 2nd period - Stopped by Anton Forsberg without a rebound.
12:28 of 2nd period - Jonathan Drouin wins face-off versus Mika Zibanejad in PHILADELPHIA Flyers zone.
12:28 of 2nd period - Jonathan Drouin is hit by Mika Zibanejad.
12:37 of 2nd period - Justin Schultz is hit by Brandon Montour and loses puck.
12:46 of 2nd period - Shot by Elias Pettersson.
12:46 of 2nd period - Shot Misses the Net.
12:48 of 2nd period - Shot by Elias Pettersson.
12:48 of 2nd period - Shot Misses the Net.
12:50 of 2nd period - Shot by Mika Zibanejad.
12:50 of 2nd period - Stopped by Anton Forsberg without a rebound.
12:51 of 2nd period - Nazem Kadri wins face-off versus Sean Couturier in PHILADELPHIA Flyers zone.
13:08 of 2nd period - Shot by Nazem Kadri.
13:08 of 2nd period - Shot Misses the Net.
13:13 of 2nd period - William Nylander is hit by Joel Edmundson.
13:25 of 2nd period - Shot by Nazem Kadri.
13:25 of 2nd period - Stopped by Anton Forsberg without a rebound.
13:26 of 2nd period - Mika Zibanejad wins face-off versus Trevor Zegras in PHILADELPHIA Flyers zone.
13:35 of 2nd period - Shot by Mika Zibanejad.
13:35 of 2nd period - Shot Hit the Post.
13:37 of 2nd period - Shot by Mika Zibanejad.
13:37 of 2nd period - Stopped by Anton Forsberg with a rebound.
13:45 of 2nd period - Shot by Mika Zibanejad.
13:45 of 2nd period - Shot Misses the Net.
13:47 of 2nd period - Shot by Mika Zibanejad.
13:47 of 2nd period - Shot Hit the Post.
13:49 of 2nd period - Shot by Mika Zibanejad.
13:49 of 2nd period - Shot Misses the Net.
13:57 of 2nd period - Trevor Zegras is hit by Travis Konecny and loses puck.
14:06 of 2nd period - Shot by Mika Zibanejad.
14:06 of 2nd period - Stopped by Anton Forsberg without a rebound.
14:07 of 2nd period - Nazem Kadri wins face-off versus Sean Couturier in PHILADELPHIA Flyers zone.
14:14 of 2nd period - Shot by Nazem Kadri.
14:14 of 2nd period - Stopped by Anton Forsberg without a rebound.
14:15 of 2nd period - Sean Couturier wins face-off versus Nazem Kadri in PHILADELPHIA Flyers zone.
14:24 of 2nd period - Shot by Brady Tkachuk.
14:24 of 2nd period - Stopped by Anton Forsberg without a rebound.
14:25 of 2nd period - Chris Tierney wins face-off versus Nazem Kadri in PHILADELPHIA Flyers zone.
14:25 of 2nd period - Chris Tierney is hit by Nazem Kadri.
14:35 of 2nd period - Shot by Chris Tierney.
14:35 of 2nd period - Goal by Chris Tierney - PHILADELPHIA Flyers : 3 - CAROLINA Hurricanes : 2.
14:36 of 2nd period - Mika Zibanejad wins face-off versus Trevor Zegras in neutral zone.
14:46 of 2nd period - Icing by Adam Fox.
14:47 of 2nd period - Trevor Zegras wins face-off versus Mika Zibanejad in CAROLINA Hurricanes zone.
15:43 of 2nd period - Sean Couturier is hit by Brandon Montour and loses puck.
16:22 of 2nd period - Shot by Brady Tkachuk.
16:22 of 2nd period - Stopped by Anton Forsberg without a rebound.
16:23 of 2nd period - Jonathan Drouin wins face-off versus Lars Eller in PHILADELPHIA Flyers zone.
16:40 of 2nd period - Shot by Jonathan Drouin.
16:40 of 2nd period - Deflect By Sam Gagner.
16:40 of 2nd period - Shot Hit the Post.
16:56 of 2nd period - Shot by Lars Eller.
16:56 of 2nd period - Deflect By David Perron.
16:56 of 2nd period - Shot Misses the Net.
17:05 of 2nd period - Icing by Shea Weber.
17:06 of 2nd period - Mike Hoffman wins face-off versus Nazem Kadri in PHILADELPHIA Flyers zone.
17:33 of 2nd period - Icing by Brady Tkachuk.
17:34 of 2nd period - Nazem Kadri wins face-off versus Sean Couturier in CAROLINA Hurricanes zone.
17:40 of 2nd period - Off-side.
17:41 of 2nd period - Leon Draisaitl wins face-off versus Travis Konecny in neutral zone.
17:44 of 2nd period - Adam Fox is hit by Claude Giroux.
18:06 of 2nd period - Shot by Trevor Zegras.
18:06 of 2nd period - Stopped by Alexandar Georgiev without a rebound.
18:07 of 2nd period - Sean Couturier wins face-off versus Nazem Kadri in CAROLINA Hurricanes zone.
18:13 of 2nd period - Icing by Kris Letang.
18:14 of 2nd period - Sean Couturier wins face-off versus Nazem Kadri in CAROLINA Hurricanes zone.
18:23 of 2nd period - Nazem Kadri is hit by Sean Couturier and loses puck.
18:50 of 2nd period - Icing by William Nylander.
18:51 of 2nd period - Trevor Zegras wins face-off versus Nazem Kadri in CAROLINA Hurricanes zone.
19:14 of 2nd period - Kris Letang is hit by Leon Draisaitl and loses puck.
19:21 of 2nd period - Kris Letang is hit by Trevor Zegras and loses puck.
19:28 of 2nd period - Alexander Edler is hit by Brady Tkachuk and loses puck.
Goals for this period are 1 for PHILADELPHIA Flyers vs 0 for CAROLINA Hurricanes.
Shots for this period are 7 for PHILADELPHIA Flyers vs 13 for CAROLINA Hurricanes.

3rd period


0:01 of 3rd period - Trevor Zegras wins face-off versus Mika Zibanejad in neutral zone.
0:09 of 3rd period - Shot by Trevor Zegras.
0:09 of 3rd period - Shot Blocked by Adam Fox.
0:11 of 3rd period - Shot by Shea Weber.
0:11 of 3rd period - Stopped by Alexandar Georgiev without a rebound.
0:12 of 3rd period - Sean Couturier wins face-off versus Nazem Kadri in CAROLINA Hurricanes zone.
0:29 of 3rd period - Shot by Sean Couturier.
0:29 of 3rd period - Shot Blocked by Devon Toews.
0:44 of 3rd period - Shot by Filip Chytil.
0:44 of 3rd period - Stopped by Alexandar Georgiev without a rebound.
0:45 of 3rd period - Trevor Zegras wins face-off versus Mika Zibanejad in CAROLINA Hurricanes zone.
0:56 of 3rd period - Shot by Leon Draisaitl.
0:56 of 3rd period - Stopped by Alexandar Georgiev with a rebound.
1:06 of 3rd period - Shot by Leon Draisaitl.
1:06 of 3rd period - Shot Misses the Net.
1:18 of 3rd period - Brenden Dillon is hit by Mika Zibanejad.
1:26 of 3rd period - Shot by Trevor Zegras.
1:26 of 3rd period - Shot Misses the Net.
1:28 of 3rd period - Shot by Brenden Dillon.
1:28 of 3rd period - Stopped by Alexandar Georgiev without a rebound.
1:29 of 3rd period - Chris Tierney wins face-off versus Nazem Kadri in CAROLINA Hurricanes zone.
1:54 of 3rd period - Shot by William Nylander.
1:54 of 3rd period - Stopped by Anton Forsberg without a rebound.
1:55 of 3rd period - Lars Eller wins face-off versus Sean Couturier in PHILADELPHIA Flyers zone.
2:47 of 3rd period - Shot by Claude Giroux.
2:47 of 3rd period - Deflect By Leon Draisaitl.
2:47 of 3rd period - Shot Misses the Net.
2:49 of 3rd period - Shot by Brenden Dillon.
2:49 of 3rd period - Shot Misses the Net.
2:51 of 3rd period - Shot by Claude Giroux.
2:51 of 3rd period - Shot Misses the Net.
2:53 of 3rd period - Shot by Trevor Zegras.
2:53 of 3rd period - Deflect By Leon Draisaitl.
2:53 of 3rd period - Shot Misses the Net.
3:05 of 3rd period - Shot by Claude Giroux.
3:05 of 3rd period - Shot Blocked by Niko Mikkola.
3:07 of 3rd period - Shot by Leon Draisaitl.
3:07 of 3rd period - Stopped by Alexandar Georgiev without a rebound.
3:08 of 3rd period - Mika Zibanejad wins face-off versus Sam Gagner in CAROLINA Hurricanes zone.
3:45 of 3rd period - Shot by Jonathan Drouin.
3:45 of 3rd period - Shot Blocked by Mika Zibanejad.
4:05 of 3rd period - Shea Weber is hit by Elias Pettersson and loses puck.
4:20 of 3rd period - Shot by Leon Draisaitl.
4:20 of 3rd period - Shot Misses the Net.
4:28 of 3rd period - Shot by William Nylander.
4:28 of 3rd period - Shot Blocked by Shea Weber.
4:30 of 3rd period - Shot by Nazem Kadri.
4:30 of 3rd period - Goal by Nazem Kadri - PHILADELPHIA Flyers : 3 - CAROLINA Hurricanes : 3.
4:31 of 3rd period - Chris Tierney wins face-off versus Blake Lizotte in neutral zone.
5:16 of 3rd period - Devon Toews is hit by Chris Tierney.
5:28 of 3rd period - Shot by Leon Draisaitl.
5:28 of 3rd period - Shot Misses the Net.
5:30 of 3rd period - Shot by Leon Draisaitl.
5:30 of 3rd period - Stopped by Alexandar Georgiev without a rebound.
5:31 of 3rd period - Trevor Zegras wins face-off versus William Nylander in CAROLINA Hurricanes zone.
5:31 of 3rd period - Trevor Zegras is hit by Niko Mikkola.
5:39 of 3rd period - Shot by Trevor Zegras.
5:39 of 3rd period - Deflect By Claude Giroux.
5:39 of 3rd period - Stopped by Alexandar Georgiev with a rebound.
6:06 of 3rd period - Shot by Rasmus Ristolainen.
6:06 of 3rd period - Shot Hit the Post.
6:14 of 3rd period - Shot by William Nylander.
6:14 of 3rd period - Shot Blocked by Brenden Dillon.
6:57 of 3rd period - Filip Chytil is hit by Brandon Montour and loses puck.
7:21 of 3rd period - Icing by Adam Fox.
7:22 of 3rd period - Jonathan Drouin wins face-off versus Elias Pettersson in CAROLINA Hurricanes zone.
7:23 of 3rd period - Shot by Mike Hoffman.
7:23 of 3rd period - Stopped by Alexandar Georgiev with a rebound.
7:25 of 3rd period - Shot by Mike Hoffman.
7:25 of 3rd period - Stopped by Alexandar Georgiev without a rebound.
7:26 of 3rd period - Mike Hoffman wins face-off versus Lars Eller in CAROLINA Hurricanes zone.
7:33 of 3rd period - Shot by Sam Gagner.
7:33 of 3rd period - Shot Misses the Net.
7:53 of 3rd period - Sam Gagner is hit by David Perron and loses puck.
8:04 of 3rd period - Shot by Filip Forsberg.
8:04 of 3rd period - Stopped by Anton Forsberg without a rebound.
8:05 of 3rd period - Mika Zibanejad wins face-off versus Trevor Zegras in PHILADELPHIA Flyers zone.
8:51 of 3rd period - Minor Penalty to Travis Konecny for Holding.
8:52 of 3rd period - Mika Zibanejad wins face-off versus Trevor Zegras in CAROLINA Hurricanes zone.
9:04 of 3rd period - Minor Penalty to Brady Tkachuk for Interference.
9:05 of 3rd period - Lars Eller wins face-off versus Claude Giroux in CAROLINA Hurricanes zone.
11:16 of 3rd period - Blake Lizotte is hit by Joel Edmundson and loses puck.
11:27 of 3rd period - Shot by Blake Lizotte.
11:27 of 3rd period - Stopped by Anton Forsberg without a rebound.
11:28 of 3rd period - Jonathan Drouin wins face-off versus Travis Konecny in PHILADELPHIA Flyers zone.
11:32 of 3rd period - Joel Edmundson is hit by Kris Letang and loses puck.
11:58 of 3rd period - Minor Penalty to Kris Letang for Tripping.
11:59 of 3rd period - Filip Chytil wins face-off versus Mika Zibanejad in CAROLINA Hurricanes zone.
12:12 of 3rd period - Shot by Filip Chytil.
12:12 of 3rd period - Stopped by Alexandar Georgiev without a rebound.
12:13 of 3rd period - Filip Chytil wins face-off versus Mika Zibanejad in CAROLINA Hurricanes zone.
12:28 of 3rd period - Shot by Leon Draisaitl.
12:28 of 3rd period - Shot Misses the Net.
12:30 of 3rd period - Shot by Claude Giroux.
12:30 of 3rd period - Shot Misses the Net.
12:32 of 3rd period - Shot by Filip Chytil.
12:32 of 3rd period - Stopped by Alexandar Georgiev without a rebound.
12:33 of 3rd period - Trevor Zegras wins face-off versus Mika Zibanejad in CAROLINA Hurricanes zone.
12:38 of 3rd period - Shot by Justin Schultz.
12:38 of 3rd period - Stopped by Alexandar Georgiev without a rebound.
12:39 of 3rd period - Trevor Zegras wins face-off versus Mika Zibanejad in CAROLINA Hurricanes zone.
14:19 of 3rd period - Jakub Voracek is hit by David Perron and loses puck.
14:40 of 3rd period - Jakub Voracek is hit by Kris Letang and loses puck.
14:58 of 3rd period - Icing by Shea Weber.
14:59 of 3rd period - Blake Lizotte wins face-off versus Jonathan Drouin in PHILADELPHIA Flyers zone.
14:59 of 3rd period - Blake Lizotte is hit by Alexander Edler.
15:16 of 3rd period - Minor Penalty to Brandon Montour for Hooking.
15:17 of 3rd period - Mika Zibanejad wins face-off versus Filip Chytil in CAROLINA Hurricanes zone.
15:37 of 3rd period - Shot by Brenden Dillon.
15:37 of 3rd period - Stopped by Alexandar Georgiev without a rebound.
15:38 of 3rd period - Mika Zibanejad wins face-off versus Mike Hoffman in CAROLINA Hurricanes zone.
16:33 of 3rd period - Leon Draisaitl is hit by Derek Ryan.
17:21 of 3rd period - Shot by Noah Cates.
17:21 of 3rd period - Shot Misses the Net.
17:29 of 3rd period - Shot by Blake Lizotte.
17:29 of 3rd period - Shot Misses the Net.
17:43 of 3rd period - Shot by Blake Lizotte.
17:43 of 3rd period - Shot Misses the Net.
17:45 of 3rd period - Shot by Derek Ryan.
17:45 of 3rd period - Goal by Derek Ryan - PHILADELPHIA Flyers : 3 - CAROLINA Hurricanes : 4.
17:46 of 3rd period - Jonathan Drouin wins face-off versus Lars Eller in neutral zone.
17:55 of 3rd period - Shot by Sam Gagner.
17:55 of 3rd period - Stopped by Alexandar Georgiev without a rebound.
17:56 of 3rd period - Trevor Zegras wins face-off versus Mika Zibanejad in CAROLINA Hurricanes zone.
17:57 of 3rd period - Shot by Claude Giroux.
17:57 of 3rd period - Stopped by Alexandar Georgiev without a rebound.
17:58 of 3rd period - Trevor Zegras wins face-off versus Lars Eller in CAROLINA Hurricanes zone.
18:05 of 3rd period - Shot by Claude Giroux.
18:05 of 3rd period - Shot Blocked by Rasmus Ristolainen.
18:07 of 3rd period - Shot by Leon Draisaitl.
18:07 of 3rd period - Shot Blocked by Rasmus Ristolainen.
18:20 of 3rd period - Shot by Leon Draisaitl.
18:20 of 3rd period - Shot Misses the Net.
18:22 of 3rd period - Shot by Claude Giroux.
18:22 of 3rd period - Stopped by Alexandar Georgiev without a rebound.
18:23 of 3rd period - Sean Couturier wins face-off versus Mika Zibanejad in CAROLINA Hurricanes zone.
18:41 of 3rd period - Elias Pettersson is hit by Brenden Dillon and loses puck.
Goals for this period are 0 for PHILADELPHIA Flyers vs 2 for CAROLINA Hurricanes.
Shots for this period are 16 for PHILADELPHIA Flyers vs 5 for CAROLINA Hurricanes. Output by the SimonT Hockey Simulator (STHS) for Martin Benoit - Original Page W3C HTML5 Valid
Hockey Simulator - Hockey Simulation - Hockey Manager